 Dungeon Crawl Stone Soup version 0.16.2-2-g470672f (webtiles) character file.

464 Edwards80 the Skirmisher (level 6, -2/52 HPs)
             Began as a Centaur Fighter on Sept 4, 2015.
             Was a Follower of Okawaru.
             Killed by nerve-wracking pain
             ... invoked by an orc priest
              (13 damage)
             ... on level 4 of the Dungeon on Sept 5, 2015.
             The game lasted 00:15:50 (3721 turns).

Edwards80 the Skirmisher (Centaur Fighter)          Turns: 3721, Time: 00:15:50

Health: -2/52      AC: 10    Str: 21    XL:     6   Next: 80%
Magic:  5/5        EV:  2    Int:  7    God:    Okawaru [*.....]
Gold:   130        SH:  9    Dex:  8    Spells: 0 memorised, 5 levels left

rFire  . . .     SeeInvis .     a - +0 war axe
rCold  . . .     Clarity  .     f - +0 plate armour
rNeg   . . .     SustAb   .     c - +0 shield
rPois  .         Gourm    .     (no helmet)
rElec  .         Spirit   .     (no cloak)
rCorr  .         Warding  .     u - +0 pair of gloves
rMut   .         Stasis   .     (no barding)
MR     +....                    (no amulet)
Stlth  ..........               (no ring)
                                m - ring of protection from magic

@: very quick, somewhat resistant to hostile enchantments, extremely unstealthy
A: hooves 3, deformed body, speed 2, tough skin 3
a: Heroism, Renounce Religion


You were on level 4 of the Dungeon.
You worshipped Okawaru.
Okawaru was aware of your devotion.
You were not hungry.

You visited 1 branch of the dungeon, and saw 4 of its levels.

You collected 130 gold pieces.

Inventory:

Hand weapons
 a - a +0 war axe (weapon)
 i - a +0 hand axe
Armour
 c - a +0 shield (worn)
 f - a +0 plate armour (worn)
 u - a +0 pair of gloves (worn)
Jewellery
 m - a ring of protection from magic (left hand)
Magical devices
 j - a wand of random effects (36)
Scrolls
 g - 2 scrolls of identify
 l - 2 scrolls of fog
 n - a scroll of fear
 r - a scroll of remove curse {unknown}
 x - a scroll of noise {unknown}
 y - a scroll of magic mapping {unknown}
 B - a scroll of blinking {unknown}
 C - a scroll of immolation {unknown}
Potions
 e - 2 potions of might
 k - a potion of ambrosia
 o - 2 potions of haste
 p - a potion of magic {unknown}
 q - a potion of cancellation {unknown}
 s - 2 potions of flight {unknown}
 t - a potion of invisibility {unknown}
 v - a potion of berserk rage {unknown}
 z - 2 potions of heal wounds {unknown}
 A - a potion of curing {unknown}
Books
 w - a book of Spatial Translocations

   Spells                             Type                      Level
   a - Apportation                    Translocation                1
   b - Blink                          Translocation                2
   c - Shroud of Golubria             Charms/Translocation         2
   d - Portal Projectile              Translocation                3
   e - Teleport Other                 Translocation                3
   f - Passage of Golubria            Translocation                4
Comestibles
 b - a meat ration
 d - 3 bread rations
 h - 2 slices of pizza
 D - 5 chunks of flesh


   Skills:
 + Level 4.0 Fighting
 + Level 3.4 Axes
 + Level 3.4 Armour
 + Level 1.9 Dodging
 + Level 0.2 Stealth
 + Level 3.3 Shields


You had 5 spell levels left.
You didn't know any spells.

Dungeon Overview and Level Annotations

Branches:
Dungeon (4/15)
 Temple: D:4-7

Altars:
Makhleb
Nemelex Xobeh
Okawaru
Vehumet


Innate Abilities, Weirdness & Mutations

You have hooves in place of feet.
Armour fits poorly on your strangely shaped body.
You cover ground very quickly.
You have extremely tough skin (AC +3).


Message History

The orc hits you but does no damage.
An orc priest comes into view. It is wielding a dagger.
Your plate armour prevents you from hitting the orc.
The orc is heavily wounded.
The orc priest calls down the wrath of Beogh upon you.
Something smites you! The orc hits you with a hand axe.
The orc priest hits you but does no damage.
You slash the orc!
You kill the orc!
Okawaru accepts your kill.
Your plate armour prevents you from hitting the orc priest.
The orc priest mumbles some strange prayers to Beogh against you.
Something smites you!
* * * LOW HITPOINT WARNING * * *
The orc priest barely misses you.
Your plate armour prevents you from hitting the orc priest.
Your kick misses the orc priest. You closely miss the orc priest.
The orc priest invokes the aid of Beogh against you.
Pain shoots through your body!
You die...

#S# #.#.. #.# #.#.. #.# ###
#.... #.# #.. ###.. .># #.#
#.. ..# #.# ### ... . #.# #
..#... ####.######## #
#...##......o@o..# #
..#.....#.#.####.# #### #
#...#...#.#... ..# #
...........##### ..#######
#....#...### #. #.#......
#......# #.. #.#......
#..#.#)# #..#####.#......
#....#(#######..##......)....
#.....รท.....................


You could see 2 orc priests.

Vanquished Creatures
  A hound (D:4)
  2 orc wizards (D:4)
  A worker ant (D:4)
  Natasha (thrice) (D:3)
  An iguana (D:4)
  Ijyb (D:2)
  Jessica (D:3)
  7 gnolls
  7 adders
  2 worms (D:2)
  6 giant geckos
  10 orcs
  14 bats
  4 giant cockroaches
  11 hobgoblins
  A quokka (D:3)
  2 ball pythons (D:2)
  4 giant newts
  16 goblins
  8 kobolds
  9 rats
111 creatures vanquished.

Notes
Turn   | Place    | Note
--------------------------------------------------------------
     0 | D:1      | Edwards80, the Centaur Fighter, began the quest for the Orb.
     0 | D:1      | Reached XP level 1. HP: 19/19 MP: 1/1
   105 | D:1      | Found an iron altar of Okawaru.
   122 | D:1      | Became a worshipper of Warmaster Okawaru
   272 | D:1      | Reached XP level 2. HP: 24/26 MP: 2/2
   821 | D:2      | Noticed Ijyb
   824 | D:2      | Reached XP level 3. HP: 31/31 MP: 3/3
   840 | D:2      | Killed Ijyb
   946 | D:2      | Found a burning altar of Makhleb.
   946 | D:2      | Found a radiant altar of Vehumet.
  1209 | D:2      | Reached XP level 4. HP: 31/38 MP: 3/3
  1234 | D:2      | Acquired Okawaru's first power
  1341 | D:2      | Reached skill level 1 in Dodging
  1666 | D:3      | Noticed Natasha
  1680 | D:3      | Killed Natasha
  1692 | D:3      | Reached XP level 5. HP: 16/45 MP: 4/4
  1718 | D:3      | Found a sparkling altar of Nemelex Xobeh.
  1860 | D:3      | Noticed Natasha
  1997 | D:3      | Killed Natasha
  2193 | D:3      | Noticed Natasha
  2196 | D:3      | Killed Natasha
  2651 | D:4      | Reached XP level 6. HP: 23/51 MP: 5/5
  2812 | D:3      | Noticed Jessica
  2822 | D:3      | Killed Jessica
  3680 | D:4      | Reached skill level 4 in Fighting
  3721 | D:4      | Killed from afar by an orc priest

Action                   |  1- 3 |  4- 6 || total
-------------------------+-------+-------++-------
Melee: War axe           |   137 |   245 ||   382
Evoke: Wand              |       |     1 ||     1
  Use: Scroll            |     1 |     9 ||    10
       Potion            |     1 |       ||     1
  Eat: Chunk             |     1 |     6 ||     7
       Beef jerky        |       |     1 ||     1
